 Dungeon Crawl Stone Soup version 0.29-a0-322-g68df515 (webtiles) character file.

Game seed: 14156391975332096139

41 Think the Cutter (level 3, -2/26 HPs)
             Began as an Octopode Fighter on Apr 5, 2022.
             Was a Follower of Vehumet.
             Slain by a gnoll
             ... wielding a +0 club
              (5 damage)
             ... on level 2 of the Dungeon.
             The game lasted 00:03:29 (1483 turns).

Think the Cutter (Octopode Fighter)                 Turns: 1483, Time: 00:03:29

Health: -2/26      AC:  1    Str: 15    XL:     3   Next: 52%
Magic:  3/3        EV: 13    Int: 10    God:    Vehumet [*.....]
Gold:   54         SH:  4    Dex: 13    Spells: 1/2 levels left

rFire   . . .      SeeInvis .   a - +0 rapier
rCold   . . .      Faith    .   b - +0 buckler
rNeg    . . .      Spirit   .   (helmet restricted)
rPois   .          Reflect  .   (no amulet)
rElec   .          Harm     .   (no ring)
rCorr   .          Rampage  .   (no ring)
Will    .....                   (no ring)
Stlth   ++........              (no ring)
HPRegen 0.08/turn               (no ring)
MPRegen 0.08/turn               (no ring)
                                (no ring)
                                (no ring)

@: no status effects
A: almost no armour, amphibious, 8 rings, camouflage 1, gelatinous body 1,
(nimble swimmer 1), tentacles
a: Renounce Religion


You were on level 2 of the Dungeon.
You worshipped Vehumet.
Vehumet was aware of your devotion.
You visited 1 branch of the dungeon, and saw 2 of its levels.

You collected 54 gold pieces.

Inventory:

Hand Weapons
 a - a +0 rapier (weapon)
Armour
 b - a +0 buckler (worn)
Scrolls
 d - a scroll of summoning {unknown}
 f - a scroll of identify {unknown}
Potions
 c - a potion of might
 e - a potion of lignification {unknown}


   Skills:
 - Level 3.0 Fighting
 + Level 3.8 Short Blades
 - Level 3.0 Dodging
 - Level 3.0 Shields


You had one spell level left.
You knew the following spells:

 Your Spells              Type           Power      Damage    Failure   Level
a - Freeze                Ice            0%         1d3       45%         1

Your spell library contained the following spells:

 Spells                   Type           Power      Damage    Failure   Level
 Chain Lightning          Conj/Air       0%         N/A       100%        9
 Fire Storm               Conj/Fire      0%         5d1       100%        9
 Shatter                  Erth           0%         3d5*      100%        9


Dungeon Overview and Level Annotations

Branches:
Dungeon (2/15)

Altars:
Vehumet

Annotations:
D:1 1 runed translucent door


Innate Abilities, Weirdness & Mutations

You cannot wear most types of armour.
You are amphibious.
You can wear up to eight rings at the same time.
Your skin changes colour to match your surroundings (Stealth+).
Your rubbery body absorbs attacks. (AC +1, EV +1)
((You are camouflaged when in or above water. (Stealth+)))
You have tentacles for arms and can constrict up to eight enemies at once.


Message History

You hit the jackal. Your grab misses the jackal.
Your squeeze misses the jackal.
The jackal is almost dead.
The jackal bites you.
You hit the jackal but do no damage. You grab the jackal.
You squeeze the jackal.
You kill the jackal!
Vehumet accepts your kill.
You barely miss the jackal. You grab the jackal. You constrict the jackal.
The jackal barely misses you.
You hit the jackal.
You kill the jackal!
Vehumet accepts your kill.
You hit the gnoll. Your grab misses the gnoll. You squeeze the gnoll.
The gnoll is moderately wounded.
You closely miss the gnoll. You grab the gnoll.
The gnoll is moderately wounded.
You constrict the gnoll. The gnoll closely misses you. The gnoll misses you.
The gnoll hits you from afar with a +0 spear.
You hit the gnoll but do no damage.
The gnoll is heavily wounded.
You constrict the gnoll. The gnoll hits you with a +0 club.
The gnoll barely misses you.
The gnoll hits you from afar with a +0 spear!
You are too injured to fight recklessly!
You are too injured to fight recklessly!
You are too injured to fight recklessly!
You are too injured to fight recklessly!
You are too injured to fight recklessly!
You are too injured to fight recklessly!
You are too injured to fight recklessly!
You are too injured to fight recklessly!
You are too injured to fight recklessly!
There are monsters nearby!
Okay, then.
You release your grip on the gnoll.
The gnoll attacks as you move away! The gnoll hits you with a +0 whip!
* * * LOW HITPOINT WARNING * * *
The gnoll hits you with a +0 club.
You die...

..............# .#
###.#####.###.###.#
###.### #.......#.#
......# ######..#.#
.##.#.# #..#.# .##.#.#
##.#.#
.##.#.#########...#
.##.#.#.....[.....#
.##)#.#.########@!#
.................gggh...>
.##.#.#.#########.###....
.##.#.#.# #.. #.
....#.#.# #..# ......#.#
#..# #######<# #..# ###
#...


You could see 3 gnolls and a jackal.

Vanquished Creatures
  A worm (D:2)
  A dart slug (D:1)
  2 endoplasms (D:1)
  2 giant cockroaches (D:1)
  2 goblins (D:1)
  3 hobgoblins (D:1)
  3 jackals (D:2)
  3 kobolds (D:1)
  2 quokkas (D:1)
  A ball python (D:1)
  4 bats
  2 frilled lizards (D:1)
  7 rats (D:1)
33 creatures vanquished.

Notes
Turn   | Place    | Note
-------+----------+-------------------------------------------
     0 | D:1      | Think the Octopode Fighter began the quest for the Orb.
     0 | D:1      | Reached XP level 1. HP: 16/16 MP: 1/1
     1 | D:1      | Found a runed translucent door.
   149 | D:1      | Reached XP level 2. HP: 16/21 MP: 2/2
   488 | D:1      | Reached XP level 3. HP: 15/26 MP: 3/3
   796 | D:1      | Found a faded altar of an unknown god.
   876 | D:1      | Prayed at the altar of an unknown god.
   876 | D:1      | Became a worshipper of Vehumet
   876 | D:1      | Reached * piety under Vehumet
   876 | D:1      | Offered knowledge of Freeze by Vehumet.
   879 | D:1      | Learned a level 1 spell: Freeze
  1483 | D:2      | Slain by a gnoll

Illustrated notes

Levels and vault maps discovered:
D:1:      dpeg_arrival_caged_fury, layout_basic, basic_ecumenical_altar,
          serial_bayou_pond_a, minmay_bisected
D:2:      layout_basic, minmay_vboxes

Skill      XL: |  1  2 |
---------------+-------+-----
Short Blades   | 3 |  3.8
Fighting       | |  3.0
Dodging        | |  3.0
Shields        | |  3.0

Action                   || total
-------------------------++-------
Melee: Rapier            ||    68
       Constrict         ||    21
       Tentacles         ||     8
 Cast: Freeze            ||     2
 Stab: Sleeping          ||     3
Armor: Skin              ||     2
Dodge: Dodged            ||    37
Block: Buckler           ||    11

Table legend: (Time is in decaauts)
 A = Elapsed time spent in this place.
 B = Non-inter-level travel time spent in this place.
 C = Inter-level travel time spent in this place.
 D = Time resting spent in this place.
 E = Time spent auto-exploring this place.
 F = Levels seen in this place.
 G = Mean time per level.
                   A        B        C        D        E       F      G
               +--------+--------+--------+--------+--------+-----+--------+
         Total |   1487 |   1454 |     33 |    156 |   1084 |   2 |  743.5 |
       Dungeon |   1487 |   1454 |     33 |    156 |   1084 |   2 |  743.5 |
               +--------+--------+--------+--------+--------+-----+--------+

Top non-repeatable levels by time:
     D:1: 1358 daAuts
     D:2: 129 daAuts
